Unix NetHack Version 5.0.0-0 post-release - last build Jun 10 2026 00:39:30 (3ee93aec679c4c4259841fe613dc97188e26a321,branch:main).

Game began 2026-06-24 09:42:31, ended 2026-06-24 11:13:43.

DiePARTEI, neutral female human Tourist

                          --------------------------
                          |>......^.......%........|
                          |.....).----------------x|
                          -------.------         |.|
                           |......f..u.|         |s|
                           |0....i..i.0|         |.|
                          --------:----|         |.|
                          |....*.......|         |.|
                          |..........q:|         |.|
                          -----.--------   ------|%|
                           |...d......|  --|f.:Sq|[|
                           |.......i.s|  |?xiSe@f|.|
                           |..Y....ss--  |-|cNn@e|@|
                          -------.----   |.qhl$@d@u|
                          |........|     |-|$@pe@|--
                          |........|     |m+..@a.|
                          |...------     --|p.d..|
                          -----            -------
DiePARTEI the Peregrinatrix  St:25 Dx:12 Co:16 In:13 Wi:11 Ch:16  Neutral
Dlvl:3  $:38 HP:0(96) Pw:42(42) AC:-5 Xp:10 T:9212  Burdened Blind

Latest messages:
 You try to feel what is lying here on the floor.
 The troll hits!
 The troll hits!
 The troll misses!
 You hit the troll.
 The troll hits!
 The troll misses!
 The troll just misses!
 The troll misses!
 The troll misses!
 The troll bites!
 You hit the troll.
 The troll hits!
 The troll hits!
 The troll bites!
 You hit the troll.
 You hit the troll.
 A large cat suddenly appears!
 You hit the troll.
 A leocrotta suddenly appears!
 You kill the troll!
 You hear some noises.
 You miss the Woodland-elf.
 The Woodland-elf hits!
 The Woodland-elf just misses!
 You hit the Woodland-elf.
 The Woodland-elf hits!
 You miss the Woodland-elf.
 The Woodland-elf misses!
 You miss the Woodland-elf.
 The Woodland-elf misses!
 The Woodland-elf hits!
 You kill the Woodland-elf!
 You hit the Grey-elf.
 The Grey-elf misses!
 It is missed.
 You are hit!
 The Grey-elf is hit!
 You hit the Grey-elf.
 The Grey-elf misses!
 The Grey-elf hits!
 Are you sure you want to pray? [yn] (n) y
 You begin praying to The Lady.
 The Grey-elf hits!
 You die...
 Do you want your possessions identified? [ynq] (y) y
 Do you want to see your attributes? [ynq] (y) y
 Do you want an account of creatures vanquished? [ynaq] (y) y
 Do you want to see your conduct and achievements? [ynq] (y) y
 Do you want to see the dungeon overview? [ynq] (y) y

Inventory:
 Coins    ('$')
  $ - 38 gold pieces
 Amulets  ('"')
  V - an uncursed amulet of guarding (being worn)
 Weapons  (')')
  F - 9 +0 ya
  a - 13 +2 darts (at the ready)
  Q - a +2 dart
  p - 55 +0 darts
  b - 9 poisoned +0 darts
  Y - 2 +0 daggers
 Armor    ('[')
  H - an uncursed +0 dwarvish iron helm (being worn)
  C - a blessed rustproof +2 pair of gauntlets of power (being worn)
  n - an uncursed +1 pair of high boots (being worn)
  t - an uncursed +0 small shield
  y - an uncursed +0 small shield (being worn)
  J - an uncursed +0 dwarvish cloak (being worn)
  f - an uncursed +0 mummy wrapping
  l - an uncursed +0 Hawaiian shirt with a hula dancer motif (being worn)
  K - an uncursed -2 dwarvish mithril-coat (being worn)
 Comestibles  ('%')
  d - 3 uncursed slime molds
  W - a cursed slime mold
  S - an uncursed apple
  i - 2 uncursed bananas
  e - 4 uncursed cloves of garlic
  g - an uncursed cream pie
  A - 2 uncursed food rations
  Z - an uncursed fortune cookie
  x - an uncursed sprig of wolfsbane
  c - 4 uncursed tripe rations
  B - an uncursed lizard corpse
 Rings    ('=')
  w - an uncursed ring of see invisible
  q - an uncursed ring of slow digestion
 Wands    ('/')
  D - a wand of digging (0:7)
  r - a wand of digging (0:6)
  T - a wand of lightning (0:5)
  O - a wand of magic missile (0:5)
  z - a wand of probing (0:6)
  I - a wand of speed monster (0:2)
  v - a wand of striking (0:4)
  j - a wand of striking (0:1)
 Tools    ('(')
  s - a cursed sack containing 16 items
  u - an uncursed leather drum
  U - a cursed magic harp (0:6)
  m - an expensive camera (0:71)
  o - a blessed oil lamp
  X - an uncursed skeleton key
 Gems/Stones  ('*')
  E - an uncursed amber stone
  R - 2 uncursed citrine stones
  M - an uncursed fluorite stone
  G - 2 uncursed worthless pieces of black glass
  k - an uncursed worthless piece of green glass
  N - 3 uncursed worthless pieces of orange glass
  h - 2 uncursed worthless pieces of red glass
  P - 2 uncursed worthless pieces of yellowish brown glass

Contents of the sack:
  156 gold pieces
  9 uncursed food rations
  an uncursed scroll of blank paper
  a cursed scroll of charging
  a cursed scroll of confuse monster
  a cursed scroll of create monster
  an uncursed scroll of earth
  an uncursed scroll of enchant armor
  2 cursed scrolls of light
  4 uncursed scrolls of magic mapping
  an uncursed scroll of scare monster
  an uncursed scroll of stinking cloud
  an uncursed potion of fruit juice
  an uncursed potion of object detection
  a potion of holy water
  2 uncursed potions of water

DiePARTEI the Tourist's attributes:

Background:
 You were a Peregrinatrix, a level 10 female human Tourist.
 You were neutral, on a mission for The Lady
 who was opposed by Blind Io (lawful) and Offler (chaotic).
 You were right-handed.
 You were in Sokoban, on level 3.
 You entered the dungeon 9212 turns ago.
 You had 5217 experience points, 4783 more were needed to attain level 11.

Basics:
 You had 0 out of 96 hit points.
 You had all 42 energy points (spell power).
 Your armor class was -5.
 Your wallet contained 38 zorkmids, and
 you had 156 more stashed away in your pack.
 Autopickup was off.

Final Characteristics:
 Your strength was 25 (base:17, peak:18/01, innate limit:18/100).
 Your dexterity was 12 (limit:18).
 Your constitution was 16 (limit:18).
 Your intelligence was 13 (limit:18).
 Your wisdom was 11 (limit:18).
 Your charisma was 16 (limit:18).

Final Status:
 You were temporarily blind.
 You weren't hungry.
 You were burdened; movement was slightly slowed.
 You were empty handed.
 You were skilled in bare handed combat.

Final Attributes:
 You were piously aligned.
 Your items were somewhat protected from fire.
 Your items were somewhat protected from cold.
 You were telepathic.
 You had automatic searching.
 You had a small defense bonus (+2).
 You were protected.
 Your spell casting was impaired by metallic armor.
 You were unlucky.
 You are dead.

Miscellaneous:
 You didn't encounter any bones levels.
 Total elapsed playing time was 1 hour, 31 minutes and 10 seconds.

Major events:
 Turn
    1: DiePARTEI the neutral female human Tourist entered the dungeon
 1122: entered the Gnomish Mines
 1174: attained the rank of Sightseer (level 3)
 2129: reached Mine Town
 2878: made her first wish - "blessed fixed rustproof fireproof erodeproof +2 gauntlets of power", got "a pair of riding gloves"
 3528: attained the rank of Excursionist (level 6)
 3692: was bestowed with Trollsbane by The Lady
 5844: entered Sokoban
 6176: completed 1st Sokoban level
 7132: completed 2nd Sokoban level
 7625: completed 3rd Sokoban level
 8868: completed 4th Sokoban level
 9110: attained the rank of Peregrinatrix (level 10)
 9212: killed by a Grey-elf, while praying

Spells:
 Name                 Level Category     Fail Retention
 wizard lock            2   matter       100%   51%-75%
 identify               3   divination   100%  76%-100%
 confuse monster        1   enchantment  100%  76%-100%

Skills:
 Fighting Skills
   bare handed combat [Skilled]
   two weapon combat  [Unskilled]
   riding             [Unskilled]
 Weapon Skills
   dagger             [Unskilled]
   knife              [Unskilled]
   axe                [Unskilled]
   pick-axe           [Unskilled]
   short sword        [Unskilled]
   broadsword         [Unskilled]
   long sword         [Unskilled]
   two-handed sword   [Unskilled]
   saber              [Unskilled]
   mace               [Unskilled]
   morning star       [Unskilled]
   flail              [Unskilled]
   hammer             [Unskilled]
   quarterstaff       [Unskilled]
   polearms           [Unskilled]
   spear              [Unskilled]
   trident            [Unskilled]
   lance              [Unskilled]
   bow                [Unskilled]
   sling              [Unskilled]
   crossbow           [Unskilled]
   dart               [Skilled]
   shuriken           [Unskilled]
   boomerang          [Unskilled]
   whip               [Unskilled]
   unicorn horn       [Unskilled]
 Spellcasting Skills
   divination spells  [Unskilled]
   enchantment spells [Unskilled]
   escape spells      [Unskilled]

Voluntary challenges:
 Character rerolling was not enabled.
 You never hit with a wielded weapon.
 You never genocided any monsters.
 You never polymorphed an object.
 You never changed form.
 You used 1 wish.
 You did not wish for any artifacts.
 You violated the special Sokoban rules 6 times.
Achievements:
 You entered a shop.
 You entered the Gnomish Mines.
 You attained the rank of Sightseer.
 You entered Minetown.
 You entered a temple.
 You attained the rank of Excursionist.
 You entered Sokoban.
 You attained the rank of Peregrinatrix.

 The Dungeons of Doom: levels 1 to 7
    Level 1:
       Many fountains.
    Level 2:
       A vegetarian food shop.
       Stairs down to The Gnomish Mines.
    Level 3:
       Some altars to The Lady, some fountains.
    Level 4:
    Level 5:
    Level 6:
    Level 7:
       Stairs up to Sokoban, level 6.
 The Gnomish Mines: levels 3 to 5
    Level 3:
    Level 4:
    Level 5:
       Many shops, a temple and an altar to The Lady, some fountains.
 Sokoban: levels 6 up to 3
    Level 3: <- You were here.
       Solved.
       Final resting place for
          you, killed by a Grey-elf, while praying.
    Level 4:
       Solved.
    Level 5:
       Solved.
    Level 6:
       Solved.


Vanquished creatures:
  a giant mimic
  a long worm
  a stalker
  a small mimic
  a xan
 an ogre leader
  a troll
  a pyrolisk
  a freezing sphere
  2 tengu
 an ochre jelly
  a wraith
  2 ettin zombies
  a leather golem
  4 watchmen
  2 cockatrices
  2 winter wolf cubs
  a spotted jelly
 an orc-captain
 an iron piercer
  a giant spider
  a vampire bat
  a gnome ruler
 an orc mummy
  a yeti
  a lizard
  a dog
  3 housecats
  a jaguar
  a dwarf leader
  a raven
  a plains centaur
  a human zombie
  2 Woodland-elves
 an imp
  a wood nymph
  a mountain nymph
 an orc shaman
  2 rock piercers
  2 rock moles
  a pony
  a fog cloud
  7 yellow lights
  a violet fungus
  6 gnome leaders
  4 gnomish wizards
  2 kobold mummies
  2 gray oozes
  3 giant ants
  a little dog
  3 floating eyes
  7 dwarves
  3 kobold shamans
 17 hill orcs
  5 rothes
  a giant bat
  2 monkeys
  4 dwarf zombies
  a wererat
  8 iguanas
  4 coyotes
  a hobbit
  6 manes
  3 giant rats
  a cave spider
  a yellow mold
 22 gnomes
  a gnome zombie
  5 geckos
  7 jackals
  3 foxes
  3 kobolds
  2 goblins
  4 sewer rats
  4 grid bugs
  4 lichens
  7 newts
209 creatures vanquished.

No species were genocided or became extinct.

Game over:
                       ----------
                      /          \
                     /    REST    \
                    /      IN      \
                   /     PEACE      \
                  /                  \
                  |    DiePARTEI     |
                  |      194 Au      |
                  |   killed by a    |
                  |     Grey-elf     |
                  |                  |
                  |                  |
                  |       2026       |
                 *|     *  *  *      | *
        _________)/\\_//(\/(/\)/\//\/|_)_______

Aloha DiePARTEI the Tourist...

You died in Sokoban on dungeon level 3 with 13650 points,
and 194 pieces of gold, after 9212 moves.
You were level 10 with a maximum of 96 hit points when you died.

